AoeStats
← bela29318

Arena

509851625Analyzed
2v2 RM · 2d ago on Sep 28, 2026· 44m 15s· 4 players
Game mode
Random Map
Map size
Medium (4 player)
Population
200
Speed
Normal
Resources
Standard
Victory
Conquest
Starting age
Dark Age
Ending age
Imperial Age
RankedLock teamsTeams togetherTeam positionsShared explorationLock speedFull tech treeHidden civsTurbo modeCheats
Victory
Defeat
🇦🇺 Japanese · Australia
813
+17
🇦🇺 Franks · Australia
799
+17
🇬🇧 Saracens · United Kingdom
928
-21
🇮🇳 Goths · India
723
-13
Arro
7:38 Loom
12:16 Feudal Age
16:12 Castle Age
14:42 Double-Bit Axe
14:43 Horse Collar
18:36 Heavy Plow
18:51 Bow Saw
20:27 Wheelbarrow
21:08 Town Watch
21:36 Scale Mail Armor
25:33 Chain Mail Armor
26:08 Squires
25:56 Arson
28:08 Forging
30:07 Masonry
30:41 Iron Casting
31:40 Hand Cart
35:51 Ballistics
38:12 Imperial Age
36:01 Caravan
38:25 Elite Samurai
38:35 Capped Ram
40:00 Plate Mail Armor
40:38 Blast Furnace
40:28 Conscription
44:23 Town Patrol
palmer-23
14:25 Feudal Age
15:45 Wheelbarrow
20:42 Castle Age
20:23 Forging
23:48 Iron Casting
26:39 Hand Cart
27:59 Scale Barding Armor
35:25 Imperial Age
34:16 Husbandry
34:52 Caravan
35:26 Cavalier
35:41 Elite Skirmisher
39:06 Blast Furnace
Hopsie7806
4:41 Loom
13:00 Feudal Age
13:25 Horse Collar
13:33 Double-Bit Axe
15:31 Gold Mining
18:23 Castle Age
17:47 Forging
17:42 Scale Barding Armor
17:50 Scale Barding Armor
19:38 Wheelbarrow
20:49 Iron Casting
20:34 Chain Barding Armor
22:13 Bow Saw
22:16 Heavy Plow
bela29318
9:12 Loom
11:36 Feudal Age
12:14 Double-Bit Axe
13:34 Horse Collar
17:32 Castle Age
18:25 Bow Saw
21:35 Wheelbarrow
21:21 Stone Mining
21:21 Gold Mining
24:18 Heavy Plow
27:27 Forging
27:18 Scale Mail Armor
29:12 Iron Casting
31:04 Chain Mail Armor
34:13 Imperial Age
Connection lost

Rejoining the realm…

Still unreachable

The connection could not be restored.

Session expired

The server has moved on; the page needs a fresh start.